 Dungeon Crawl Stone Soup version 0.26.0-10-g1f06aea511 (webtiles) character file.

Game seed: 16108395503135380725

17463 MajorAdolf the Blocker (level 12, -14/112 HPs)
             Began as a Naga Wanderer on Jan 16, 2021.
             Was a Priest of Ashenzari.
             Demolished by a black mamba (17 damage)
             ... on level 2 of the Lair of Beasts.
             The game lasted 00:24:14 (15025 turns).

MajorAdolf the Blocker (Naga Wanderer)             Turns: 15025, Time: 00:24:15

Health: -14/112    AC: 10    Str: 17    XL:     12   Next: 48%
Magic:  16/16      EV:  8    Int: 22    God:    Ashenzari [***...]
Gold:   393        SH: 24    Dex: 16    Spells: 13/17 levels left

rFire    . . .     SeeInvis +   z - +2 trident (venom) (curse)
rCold    . . .     Faith    .   H - +1 tower shield (curse)
rNeg     + . .     Spirit   .   c - +2 robe {rN+} (curse)
rPois    +         Reflect  +   v - +0 helmet (curse)
rElec    .         Harm     .   J - +1 cloak {rCorr} (curse)
rCorr    +         Rampage  .   (no gloves)
Will     +....                  (no barding)
Stlth    +++++.....             g - amulet of reflection (curse)
HPRegen  0.28/turn              h - +6 ring of intelligence
MPRegen  0.15/turn              n - +6 ring of dexterity

@: very slow
A: large, see invisible, deformed body, poison resistance, slowness 2, spit
poison 1, AC +4
a: Spit Poison, Renounce Religion, Curse Item, Scrying


You were on level 2 of the Lair of Beasts.
You worshipped Ashenzari.
Ashenzari was most pleased with you.
You visited 3 branches of the dungeon, and saw 13 of its levels.

You collected 668 gold pieces.
You spent 275 gold pieces at shops.

Inventory:

Hand Weapons
 b - a +2 dagger of protection
 d - a +1 dagger of holy wrath
 x - a +3 spear of flaming
 z - a cursed +2 trident of venom (weapon)
Missiles
 e - 254 stones
 R - 38 bolts
Armour
 c - a cursed +2 robe of positive energy (worn)
 k - a scarf of repulsion
 p - a +0 cloak
 v - a cursed +0 helmet (worn)
 H - a cursed +1 tower shield (worn)
 J - a cursed +1 cloak of preservation (worn)
Jewellery
 g - a cursed amulet of reflection (around neck)
 h - a +6 ring of intelligence (left hand)
 i - an uncursed ring of poison resistance
 n - a +6 ring of dexterity (right hand)
 B - an uncursed amulet of regeneration
 C - an uncursed ring of magical power
 F - an uncursed ring of resist corrosion
 L - an uncursed amulet of guardian spirit
 Q - an uncursed amulet of faith
Wands
 u - a wand of acid (13)
 w - a wand of enslavement (7)
 E - a wand of flame (10)
 K - a wand of polymorph (9)
 P - a wand of digging (8)
Scrolls
 f - 2 scrolls of teleportation
 l - 3 scrolls of identify
 r - a scroll of random uselessness
 t - a scroll of noise
 y - 3 scrolls of amnesia
 D - 3 scrolls of magic mapping
Potions
 a - a potion of cancellation
 j - a potion of flight
 m - a potion of resistance
 q - 3 potions of attraction
 s - a potion of magic {unknown}
 A - a potion of might {unknown}
 G - 2 potions of lignification {unknown}
 I - 2 potions of ambrosia {unknown}
 M - 2 potions of curing
 N - 2 potions of haste {unknown}
 O - a potion of degeneration {unknown}


   Skills:
 + Level 8.9 Fighting
 - Level 1.0 Maces & Flails
 * Level 10.6(13.3) Polearms
 - Level 2.4 Armour
 + Level 11.0(12.7) Stealth
 - Level 11.6(13.2) Shields
 + Level 3.2 Spellcasting
 * Level 3.9 Hexes
 - Level 1.0 Earth Magic
 - Level 2.6 Poison Magic
 - Level 1.0 Evocations


You had 13 spell levels left.
You knew the following spells:

 Your Spells              Type           Power        Failure   Level
a - Confusing Touch       Hex            20%          11%         3
b - Corona                Hex            22%          3%          1

Your spell library contained the following spells:

 Spells                   Type           Power        Failure   Level
 Slow                     Hex            20%          5%          2
 Tukima's Dance           Hex            20%          11%         3
 Sandblast                Erth           16%          12%         1
 Ensorcelled Hibernation  Hex/Ice        24%          12%         2
 Magic Dart               Conj           12%          19%         1
 Summon Small Mammal      Summ           12%          19%         1
 Passwall                 Tmut/Erth      4%           22%         2
 Dazzling Flash           Conj/Hex       24%          24%         3
 Summon Guardian Golem    Hex/Summ       12%          24%         3
 Blink                    Tloc           N/A          26%         2
 Call Imp                 Summ           3%           26%         2
 Mephitic Cloud           Conj/Pois/Air  7%           36%         3
 Stone Arrow              Conj/Erth      10%          41%         3
 Call Canine Familiar     Summ           3%           47%         3
 Conjure Flame            Conj/Fire      3%           47%         3
 Petrify                  Tmut/Erth      5%           82%         4
 Summon Ice Beast         Ice/Summ       3%           87%         4
 Summon Lightning Spire   Summ/Air       3%           87%         4
 Lee's Rapid Deconstruct  Erth           4%           97%         5


Dungeon Overview and Level Annotations

Branches:
Dungeon (10/15)            Temple (1/1) D:5            Lair (2/6) D:10
  Swamp: Lair:2-4    Shoals: Lair:2-4     Snake: Lair:2-4    Spider: Lair:2-4
    Orc: D:9-12

Altars:
Ashenzari
Cheibriados
Dithmenos
Elyvilon
Fedhas
Gozag
Hepliaklqana
Kikubaaqudgha
Makhleb
Nemelex Xobeh
Okawaru
Qazlal
Ru
Sif Muna
Trog
Uskayaw
Vehumet
Wu Jian
Xom
Yredelemnul
Zin
The Shining One

Shops:
D:4 :(?(   D:7 *   D:8 (


Innate Abilities, Weirdness & Mutations

You cannot wear boots.
Your serpentine skin is tough. (AC +4)
You have supernaturally acute eyesight. (SInv)
Armour fits poorly on your strangely shaped body.
Your system is resistant to poisons. (rPois)
You cover ground very slowly.
You can spit poison.


Message History

* * * LOW HITPOINT WARNING * * *
The black mamba bites you!
* * * LOW HITPOINT WARNING * * *
Okay, then.
As you read the scroll labelled RIDELA HIERCHERGH, it crumbles to dust.
The creatures around you are filled with an inner flame!
It was a scroll of immolation.
The black mamba barely misses you.
You block the eight-headed hydra's attack.
The eight-headed hydra closely misses you.
The eight-headed hydra bites you but does no damage. x2
You block the eight-headed hydra's attack.
The eight-headed hydra barely misses you.
The eight-headed hydra bites you but does no damage.
The eight-headed hydra bites you.
* * * LOW HITPOINT WARNING * * *
Unknown command.
Okay, then.
Okay, then.
The black mamba bites you!
You die...

......#...#....##...[.##....#,
#
....P..#.####.#[#######.#.###
* ...#######*{##.#......[#.##{
... * ,,,##.#.###.#.## , .. *,
,, ##.......##,{, , ≈ ,,
{##..##..#{, ,*,, , ##.....##
,, , * *###..#.#..## *
**#..@S....... *,
*####..#..### , , , ,
#.SD##.##.. , #.PS{.....#. ,
,, #.......... , .......y.....
, ,, , ..............,
................ , , ,
.........?..... , ,


You could see a black mamba (inner flame).

Vanquished Creatures
  Harold (Lair:1)
  2 death yaks
  Nergalle (D:10)
  Pikel (D:9)
  A black mamba (Lair:1)
  Joseph (D:9)
  A cane toad (Lair:1)
  2 rime drakes
  2 komodo dragons (Lair:1)
  A queen bee (Lair:2)
  A blink frog (Lair:2)
  Prince Ribbit (D:7)
  3 wyverns
  12 yaks
  Eustachio (D:6)
  Duvessa (D:6)
  3 water moccasins (Lair:2)
  An orc warrior (D:8)
  A sky beast (D:7)
  9 ogres
  2 ice beasts (D:9)
  A necrophage (D:9)
  2 phantoms
  4 black bears
  7 centaurs
  3 big kobolds
  5 bullfrogs
  A wyvern zombie (D:6)
  A wyvern skeleton (D:6)
  Dowan (D:6)
  2 scorpions
  17 killer bees (Lair:2)
  9 wights
  2 electric eels (Lair:1)
  A bullfrog zombie (D:10)
  6 howler monkeys
  A quasit (D:6)
  A centaur skeleton (D:9)
  6 orc wizards
  Crazy Yiuf (D:6)
  4 bullfrog skeletons
  3 orc priests
  2 hounds
  2 jellies
  7 iguanas
  Ijyb (D:5)
  9 worker ants
  4 hound skeletons
  12 gnolls
  6 adders
  2 shadow imps (D:9)
  A white imp (D:9)
  6 ufetubi
  2 adder zombies
  2 adder skeletons
  3 worms
  5 leopard geckos
  25 orcs
  A ball python (D:1)
  5 bats
  2 giant cockroaches
  5 goblins
  7 hobgoblins
  4 jackals (D:4)
  A quokka (D:8)
  A ball python skeleton (D:4)
  2 frilled lizards
  A jackal skeleton (D:9)
  11 kobolds
  A leopard gecko skeleton (D:9)
  A quokka skeleton (D:8)
  9 rats
266 creatures vanquished.

Vanquished Creatures (others)
  A kobold (D:10)
  16 fungi
  14 plants
31 creatures vanquished.

Grand Total: 297 creatures vanquished

Notes
Turn   | Place    | Note
-------+----------+-------------------------------------------
     0 | D:1      | MajorAdolf the Naga Wanderer began the quest for the Orb.
     0 | D:1      | MajorAdolf set off with the following items: a +0 hand
                  | crossbow, 24 bolts, a +0 ring mail; and the following spell
                  | memorised: Sandblast; and the following spells available to
                  | memorise: Passwall, Stone Arrow, Petrify, Lee's Rapid
                  | Deconstruction
     0 | D:1      | Reached XP level 1. HP: 18/18 MP: 1/1
   157 | D:1      | Reached XP level 2. HP: 26/26 MP: 2/2
   606 | D:2      | Reached XP level 3. HP: 32/33 MP: 3/3
  1237 | D:2      | Found a basalt altar of Yredelemnul.
  1645 | D:4      | Found Susat Ilo's Antique Weapon Shop.
  1657 | D:4      | Reached XP level 4. HP: 22/42 MP: 4/4
  1946 | D:3      | HP: 2/44 [gnoll/cursed -1 halberd (4)]
  1950 | D:3      | Reached XP level 5. HP: 3/50 MP: 5/5
  2817 | D:3      | Found a glowing golden altar of the Shining One.
  3154 | D:4      | Found Baclohemn's Antique Weapon Boutique.
  3187 | D:4      | Bought a runed spear for 126 gold pieces
  3204 | D:4      | Reached XP level 6. HP: 55/57 MP: 6/6
  3579 | D:4      | Reached skill level 1 in Polearms
  3905 | D:4      | Found Founwuri's Magic Scroll Emporium.
  3909 | D:4      | Bought a scroll of magic mapping for 45 gold pieces
  4011 | D:4      | Reached XP level 7. HP: 55/66 MP: 7/7
  4094 | D:4      | Found Adethigo's Book Emporium.
  4430 | D:4      | Found a shadowy altar of Dithmenos.
  4636 | D:5      | Entered Level 5 of the Dungeon
  4678 | D:5      | Found a staircase to the Ecumenical Temple.
  4779 | Temple   | Entered the Ecumenical Temple
  5009 | Temple   | Became a worshipper of Ashenzari the Shackled
  5059 | D:5      | Found a glowing golden altar of the Shining One.
  5183 | D:5      | Reached skill level 5 in Fighting
  5244 | D:5      | Noticed Ijyb
  5252 | D:5      | Killed Ijyb
  5661 | D:5      | Found a shadowy altar of Dithmenos.
  5911 | D:6      | Noticed Duvessa
  5914 | D:6      | Noticed Dowan
  6201 | D:6      | Reached skill level 5 in Shields
  6201 | D:6      | Reached XP level 8. HP: 20/74 MP: 8/8
  6498 | D:6      | Reached skill level 1 in Stealth
  6580 | D:6      | Killed Duvessa
  6595 | D:6      | Killed Dowan
  6978 | D:6      | Reached XP level 9. HP: 86/86 MP: 9/9
  6979 | D:6      | Reached skill level 10 in Shields
  6979 | D:6      | Reached XP level 10. HP: 94/94 MP: 10/10
  7540 | D:6      | Noticed Eustachio
  7565 | D:6      | Killed Eustachio
  7679 | D:6      | Found a runed translucent door.
  7680 | D:6      | Noticed Crazy Yiuf
  7936 | D:6      | Killed Crazy Yiuf
  7992 | D:7      | Found Kyblipt's General Store.
  8024 | D:7      | Bought a potion of heal wounds for 65 gold pieces
  8024 | D:7      | Bought a scroll of remove curse for 39 gold pieces
  8340 | D:7      | Reached * piety under Ashenzari
  8393 | D:7      | Found a sparkling altar of Nemelex Xobeh.
  8393 | D:7      | Found a basalt altar of Yredelemnul.
  8394 | D:7      | Found a snail-covered altar of Cheibriados.
  8397 | D:7      | Noticed Prince Ribbit
  8927 | D:7      | Killed Prince Ribbit
  9172 | D:8      | Found Aciuthre's Antique Weapon Emporium.
  9822 | D:8      | Found a glowing golden altar of the Shining One.
  9827 | D:8      | Reached XP level 11. HP: 102/102 MP: 11/11
 10244 | D:9      | Noticed a two-headed ogre
 10250 | D:9      | a two-headed ogre changed into a yak
 10353 | D:9      | Reached ** piety under Ashenzari
 10484 | D:9      | Noticed Pikel
 10497 | D:9      | Killed Pikel
 10611 | D:9      | Noticed Joseph
 10627 | D:9      | Killed Joseph
 10980 | D:10     | Entered Level 10 of the Dungeon
 10987 | D:10     | Learned a level 3 spell: Confusing Touch
 10989 | D:10     | Learned a level 1 spell: Corona
 11062 | D:10     | Noticed Nergalle
 11522 | D:10     | Noticed a death yak
 11641 | D:10     | Noticed a death yak
 11642 | D:10     | Noticed a death yak
 11666 | D:10     | Killed a death yak
 11667 | D:10     | Reached skill level 1 in Hexes
 11805 | D:10     | Got the flail "Paffuxt" {vorpal, rPois}
 11845 | D:9      | Reached skill level 1 in Spellcasting
 12422 | D:10     | Reached skill level 10 in Stealth
 12525 | D:10     | Found a staircase to the Lair.
 12664 | D:10     | Killed Nergalle
 12839 | Lair:1   | Entered Level 1 of the Lair of Beasts
 12860 | Lair:1   | Killed a death yak
 12878 | Lair:1   | Reached skill level 10 in Polearms
 12878 | Lair:1   | Reached XP level 12. HP: 48/112 MP: 15/15
 13685 | Lair:1   | Noticed Harold
 13702 | Lair:1   | Killed Harold
 14152 | Lair:1   | Reached *** piety under Ashenzari
 15014 | Lair:2   | Noticed an eight-headed hydra
 15023 | Lair:2   | HP: 4/112 [black mamba (9)]
 15025 | Lair:2   | Demolished by a black mamba

Illustrated notes

Levels and vault maps discovered:
D:1:      scummos_arrival_star, layout_rooms
D:2:      layout_loops_ring, yredelemnul_altar_generic
D:3:      layout_basic, serial_rivers, chequers_serial_rivers_micro_d,
          chequers_serial_rivers_room_b, chequers_serial_rivers_room_a,
          chequers_serial_rivers_micro_d, chequers_serial_rivers_micro_d,
          chequers_serial_rivers_micro_a, serial_park_tiny_pond,
          chequers_hall_statues_wall_a, minmay_misc_feat_enclosed, tso_altar
D:4:      layout_basic, serial_shops, shop,
          nicolae_shop_competitors_out_of_business, shop, nicolae_shop_trees,
          minmay_ruined_shrine
D:5:      layout_gridville, grunt_dithmenos_shadows, minmay_temple_entry_tees,
          serial_glass, glass_columns_a, glass_columns_a, item_on_display_a,
          minmay_strange_pillars, feat_on_display, feat_on_display, basic_altar,
          uniq_ijyb
D:6:      layout_basic, uniq_crazy_yiuf_cottage, uniq_eustachio, uniq_duvessa
D:7:      layout_cave_pods, chequers_temple_overflow_statue_of_worship,
          serial_shops, shop, uniq_prince_ribbit1
D:8:      layout_basic, serial_shops, shop, lemuel_centaur_altar
D:9:      layout_loops_cross, uniq_joseph, uniq_pikel
D:10:     layout_cave_pools, dpeg_lair_monsters, uniq_nergalle
Temple:   dpeg_five_rooms_temple
Lair:1:   layout_regular_city, serial_bayou_pond_d, dpeg_stationary_puzzle,
          uniq_harold
Lair:2:   regret_index_tunnel_blossom, layout_regular_city, shoals_dummy_entry

Skill      XL: |  1  2  3  4  5  6  7  8  9 10 11 12 |
---------------+-------------------------------------+-----
Fighting       | 2 3 4 5 7 8 |  8.9
Shields        | 2 3 4 5 8 10 11 | 11.6
Polearms       | 1 3 8 10 | 10.6
Stealth        | 8 9 10 11 | 11.0
Hexes          | 2 3 |  3.9
Spellcasting   | 2 3 |  3.2
Maces & Flails | |  1.0
Armour         | |  2.4
Earth Magic    | |  1.0
Poison Magic   | |  2.6
Evocations     | |  1.0

Action                   |  1- 3 |  4- 6 |  7- 9 | 10-12 || total
-------------------------+-------+-------+-------+-------++-------
Melee: Dagger            |    78 |   122 |       |       ||   200
       Spear             |       |    30 |    20 |       ||    50
       Trident           |       |    27 |   156 |   898 ||  1081
 Fire: Hand crossbow     |    49 |       |       |       ||    49
 Cast: Sandblast         |     1 |       |       |       ||     1
Invok: Curse Item        |       |       |     1 |     4 ||     5
 Abil: Spit Poison       |     2 |     9 |       |       ||    11
Evoke: Wand              |       |       |       |     7 ||     7
  Use: Scroll            |     1 |       |     7 |     8 ||    16
       Potion            |       |     2 |     2 |     3 ||     7
 Stab: Sleeping          |       |     2 |     3 |    20 ||    25
       Distracted        |       |       |     2 |     1 ||     3
Armor: Ring mail         |    52 |    93 |       |       ||   145
       Robe              |       |    19 |    38 |   141 ||   198
Dodge: Dodged            |    31 |    71 |    28 |   122 ||   252
Block: Kite shield       |    23 |    93 |    22 |       ||   138
       Tower shield      |       |       |    52 |   800 ||   852
       Reflection        |       |       |       |    28 ||    28
